 Dungeon Crawl Stone Soup version 0.18-a0-1243-g9e52518 (webtiles) character file.

78 Ijustatesigmund the Skirmisher (level 4, 26/37 HPs)
             Began as a Demonspawn Fighter on Feb 5, 2016.
             Quit the game on level 2 of the Dungeon.
             The game lasted 00:04:55 (1543 turns).

Ijustatesigmund the Skirmisher (Demonspawn Fighter) Turns: 1543, Time: 00:04:55

Health: 26/37      AC:  7    Str: 16    XL:     4   Next: 15%
Magic:  4/4        EV:  7    Int: 10    God:
Gold:   56         SH:  9    Dex: 13    Spells: 0 memorised, 3 levels left

rFire  . . .     SeeInvis .     a - +1 flail
rCold  . . .     Gourm    .     b - +0 scale mail
rNeg   . . .     Faith    .     c - +0 shield
rPois  .         Spirit   .     (no helmet)
rElec  .         Dismiss  .     (no cloak)
rCorr  .         Reflect  .     (no gloves)
SustAt .         Harm     .     (no boots)
MR     .....                    (no amulet)
Stlth  ..........               (no ring)
                                (no ring)

@: not resistant to hostile enchantments, extremely unstealthy
A: icy blue scales 1, blurry vision 1, demonic guardian 2
a: no special abilities


You were on level 2 of the Dungeon.
You were not hungry.

You visited 1 branch of the dungeon, and saw 2 of its levels.

You collected 56 gold pieces.

Inventory:

Hand Weapons
 a - a +1 flail (weapon)
Armour
 b - a +0 scale mail (worn)
 c - a +0 shield (worn)
Potions
 d - a potion of might
 h - a potion of curing
 m - 2 potions of heal wounds
 n - a potion of poison {unknown}
Comestibles
 f - 2 bread rations
 g - 2 meat rations


   Skills:
 + Level 3.7 Fighting
 * Level 2.4 Maces & Flails
 - Level 3.1 Armour
 - Level 0.1 Dodging
 - Level 3.2 Shields


You had 3 spell levels left.
You didn't know any spells.

Dungeon Overview and Level Annotations

Branches:
Dungeon (2/15)

Altars:


Innate Abilities, Weirdness & Mutations

A demonic guardian rushes to your aid.
You are partially covered in icy blue scales (AC +1).
Scrolls take you a little longer to read.


Message History

A goblin comes into view.
You block the goblin's attack.
You closely miss the goblin. The goblin hits you but does no damage.
You closely miss the goblin. You block the goblin's attack.
You barely miss the goblin. You block the goblin's attack.
The goblin barely misses you.
Your shield and scale mail prevent you from hitting the goblin.
You block the goblin's attack.
You hit the goblin.
The goblin is heavily wounded.
The goblin hits you.
You thump the goblin!
You kill the goblin!
No target in view!
No target in view!
No target in view!
No target in view!
No target in view!
No target in view!
Are you sure you want to abandon this character and quit the game? (Confirm with "yes".)

,*,* *,,,,,,,**,* #.# ###### ,,**
*******,**,### #.# #..... ,,*
*,**,..# #.# #(#### ,,* *,***#.#
##.###.#### ,,* *,* #.#
#.........# ,,* *,* #.#
#..###.##.# ,,* *,* #.# #..#
#.##.# ,,*** ***###.####%#####..#
#.##.# ,,,,* *,,......†@........#
#.##.# ,*,,***,*###.###..#####.##
#.##.#
,*,,,**,**,,,.....#***#.#**#.##.#
****,,,,,,,#.###...,,,...,,..##.#
,*,,,**,*,,,,,,.....,,..##*####.#
,*,,,,,,*,****########### #..
,,,,,,,,>,* ### ***********


There were no monsters in sight!

Vanquished Creatures
  A gnoll (D:1)
  2 adders (D:2)
  An ooze (D:1)
  A worm (D:2)
  3 giant geckos
  A ball python (D:1)
  4 bats
  3 giant cockroaches (D:1)
  5 goblins
  7 hobgoblins
  6 kobolds
  A giant newt (D:1)
  3 rats
38 creatures vanquished.

Notes
Turn   | Place    | Note
--------------------------------------------------------------
     0 | D:1      | Ijustatesigmund the Demonspawn Fighter began the quest for the Orb.
     0 | D:1      | Reached XP level 1. HP: 18/18 MP: 1/1
   107 | D:1      | Gained mutation: A weak demonic guardian rushes to your aid. [demonic ancestry]
   107 | D:1      | Reached XP level 2. HP: 12/24 MP: 2/2
   751 | D:1      | Reached XP level 3. HP: 27/29 MP: 3/3
  1287 | D:2      | Gained mutation: A demonic guardian rushes to your aid. [demonic ancestry]
  1287 | D:2      | Reached XP level 4. HP: 36/36 MP: 4/4
  1312 | D:2      | Gained mutation: You evolve. [potion of mutation]
  1312 | D:2      | Gained mutation: You are partially covered in icy blue scales (AC +1). [potion of mutation]
  1312 | D:2      | Gained mutation: Scrolls take you a little longer to read. [potion of mutation]
  1494 | D:2      | Lost mutation: You evolve. [evolution]
  1543 | D:2      | Quit the game

Vault maps used:
D:1:      erik_arrival_blinker_ship, monster_avoids_cloud
D:2:      first_bread

Action                   |  1- 3 |  4- 6 || total
-------------------------+-------+-------++-------
Melee: Flail             |    99 |    28 ||   127
  Use: Scroll            |     2 |     5 ||     7
       Potion            |       |     1 ||     1
  Eat: Chunk             |     1 |     1 ||     2
